[Event "Titled Tuesday Blitz January 31 Late 2023"]
[White "Alex_Sahakyan2006"]
[Black "Donskov, Anatoly"]
[BlackFideId "24143413"]
[WhiteElo "2668"]
[BlackElo "2279"]
[Result "0-1"]
[Round "03"]
[TimeControl "180+2"]
[Date "2023.01.31"]
[WhiteClock "0:00:19"]
[BlackClock "0:00:04"]

1. e4 c5 2. Nc3 e6 3. Nge2 Nc6 4. g3 Nf6 5. Bg2 Be7 6. O-O O-O 7. d4 cxd4 8. Nxd4 d6 9. Be3 Bd7 10. h3 Nxd4 11. Qxd4 Bc6 12. Rad1 Qc7 13. f4 Rfd8 14. Kh2 b5 15. a3 a5 16. Bg1 Rab8 17. b4 axb4 18. axb4 Ba8 19. Ra1 Rdc8 20. Ra3 Qc4 21. Rfa1 d5 22. Qxc4 dxc4 23. Nxb5 Bxe4 24. Bxe4 Nxe4 25. Ra7 Bf6 26. R1a5 Bd8 27. R5a6 Rxb5 28. Ra8 Rbb8 29. Rxb8 Rxb8 30. b5 Nf6 31. Kg2 Nd5 32. Kf3 g6 33. g4 Bb6 34. Bh2 Bc7 35. Rc6 Rxb5 36. Rxc4 Rb4 37. Rxb4 Nxb4 38. c4 Nc6 39. Bg1 f6 40. Ke4 Kf7 41. f5 exf5+ 42. gxf5 g5 43. Bc5 h5 44. Kd5 Ne7+ 45. Ke4 Ke8 46. Bd4 Kf7 47. c5 Nc6 48. Bf2 h4 49. Kd5 Nb4+ 50. Kc4 Nc6 51. Kd5 Ne7+ 52. Ke4 Be5 53. Be1 Ke8 54. Bd2 Kd7 55. Bxg5 fxg5 56. Kxe5 Nc6+ 57. Kd5 g4 58. f6 gxh3 59. f7 Ke7 60. Kxc6 h2 61. f8=Q+ Kxf8 62. Kd7 h1=Q 63. c6 Qxc6+ 0-1


[Site "https://www.chess.com"]

[Event "Titled Tuesday Blitz January 31 Late 2023"]
[White "Perske, Thore"]
[Black "Aguilar, Juan"]
[WhiteFideId "12902195"]
[BlackFideId "3800091"]
[WhiteElo "2448"]
[BlackElo "2254"]
[Result "1-0"]
[Round "03"]
[TimeControl "180+2"]
[Date "2023.01.31"]
[WhiteClock "0:00:25"]
[BlackClock "0:00:31"]

1. e4 g6 2. d4 Bg7 3. Nc3 d6 4. Nge2 Nf6 5. g3 O-O 6. Bg2 e5 7. O-O Nbd7 8. h3 Re8 9. Re1 a5 10. a4 c6 11. Be3 exd4 12. Bxd4 Qc7 13. Qd2 Ne5 14. f4 Nc4 15. Qc1 Nd7 16. b3 Ncb6 17. Bxg7 Kxg7 18. Qd2 Nc5 19. Rad1 Rd8 20. g4 Kg8 21. f5 Qe7 22. Kh1 Qe5 23. Nd4 Kg7 24. Nf3 Qe8 25. e5 d5 26. e6 fxe6 27. Qd4+ 1-0


[Site "https://www.chess.com"]

[Event "Titled Tuesday Blitz January 31 Late 2023"]
[White "Cruz, William Ferreira Da"]
[Black "Bujisho, Benjamin"]
[WhiteFideId "2118050"]
[BlackFideId "608610"]
[WhiteElo "2216"]
[BlackElo "2338"]
[Result "1-0"]
[Round "03"]
[TimeControl "180+2"]
[Date "2023.01.31"]
[WhiteClock "0:00:50"]
[BlackClock "0:00:17"]

1. d4 d6 2. c4 e5 3. e3 Nc6 4. Nc3 g6 5. Nf3 Bg7 6. Be2 Nge7 7. d5 Nb8 8. e4 Nd7 9. O-O O-O 10. Be3 f5 11. Ng5 f4 12. Ne6 fxe3 13. Nxd8 exf2+ 14. Rxf2 Rxd8 15. Bg4 Nf6 16. Be6+ Bxe6 17. dxe6 c6 18. Qf1 Rf8 19. Rd1 Rad8 20. b4 g5 21. b5 h6 22. bxc6 bxc6 23. Rb1 Ng6 24. Rb7 Rde8 25. Rxa7 Rxe6 26. g3 h5 27. Qb1 Rfe8 28. Qb6 g4 29. Qxc6 Rf8 30. Nd5 Bh6 31. Nxf6+ Rexf6 32. Rxf6 Rxf6 33. Ra8+ Nf8 34. Qd5+ Kh8 35. Qd3 Rf3 36. Qxf3 gxf3 37. Kf2 Kg7 38. Kxf3 Ne6 39. Ke2 Nc5 40. Kf3 Bd2 41. Rd8 Ne6 42. Rxd6 Nd4+ 43. Kg2 Kf7 44. c5 Ke7 45. Rg6 Ne6 46. c6 Ba5 47. Rh6 Kd6 48. Rxh5 Bc7 49. Rh6 1-0


[Site "https://www.chess.com"]

[Event "Titled Tuesday Blitz January 31 Late 2023"]
[White "Oro, Faustino"]
[Black "Wartiovaara, Oliver"]
[WhiteFideId "20000197"]
[BlackFideId "513024"]
[WhiteElo "2269"]
[BlackElo "2264"]
[Result "0-1"]
[Round "03"]
[TimeControl "180+2"]
[Date "2023.01.31"]
[WhiteClock "0:00:16"]
[BlackClock "0:00:17"]

1. Nf3 Nf6 2. g3 b5 3. Bg2 Bb7 4. O-O e6 5. d3 Be7 6. Nbd2 O-O 7. b3 a5 8. a4 b4 9. Bb2 c5 10. e4 d5 11. exd5 Bxd5 12. Nc4 Nc6 13. Qe2 Nd7 14. Rad1 Bf6 15. d4 cxd4 16. Nxd4 Nxd4 17. Bxd4 Bxd4 18. Rxd4 Nf6 19. Rfd1 Qc7 20. Ne3 Bxg2 21. Kxg2 h5 22. h4 Rfd8 23. Qd3 Rxd4 24. Qxd4 Rc8 25. Qd6 Qb7+ 26. Kg1 Ng4 27. Nc4 Qf3 28. Rd2 Qf5 29. Qd3 Qc5 30. Kg2 Ne5 31. Nxe5 Qxe5 32. Re2 Qc5 33. Kf1 Qc6 34. Kg1 g6 35. Rd2 Qc5 36. Qa6 Kg7 37. Qb7 Rc7 38. Qb8 Rc8 39. Qf4 Qc3 40. Rd7 Qa1+ 41. Kg2 Qf6 42. Qe4 Rc5 43. Rd3 Qf5 44. Qd4+ Qe5 45. Qxe5+ Rxe5 46. Kf1 Rc5 47. Rd2 Kf6 48. Ke2 Ke5 49. Ke3 Rc3+ 50. Ke2 f6 51. Kd1 g5 52. hxg5 fxg5 53. Rd8 h4 54. gxh4 gxh4 55. Rh8 h3 56. Rh4 Kf5 57. Kd2 Kg5 58. Rh8 Kg4 59. Ke1 Rxc2 0-1


[Site "https://www.chess.com"]

[Event "Titled Tuesday Blitz January 31 Late 2023"]
[White "Boder, Jan"]
[Black "Vlassov, Nikolai"]
[WhiteFideId "16243226"]
[BlackFideId "4103360"]
[WhiteElo "2294"]
[BlackElo "2283"]
[Result "0-1"]
[Round "03"]
[TimeControl "180+2"]
[Date "2023.01.31"]
[WhiteClock "0:00:04"]
[BlackClock "0:00:09"]

1. c4 e5 2. g3 h5 3. Bg2 h4 4. Nc3 Bc5 5. e3 d6 6. d4 Bb6 7. dxe5 dxe5 8. Qxd8+ Kxd8 9. Nf3 h3 10. Bf1 f6 11. Nd5 Bc5 12. b4 Bf8 13. a3 Be6 14. Bb2 c6 15. Nc3 Nd7 16. O-O-O Kc7 17. Be2 Nh6 18. Nh4 a5 19. Ng6 axb4 20. Nxf8 Rhxf8 21. axb4 Ng4 22. Ne4 Nb6 23. Nc5 Bc8 24. Bxg4 Bxg4 25. f3 Bc8 26. f4 Nxc4 27. fxe5 fxe5 28. Rhf1 Bg4 29. Rxf8 Rxf8 30. Re1 Nxb2 31. Kxb2 Rf2+ 32. Kc3 Rxh2 33. Rf1 Rg2 34. Rf7+ Kd6 35. Rxg7 Bf3 36. Rh7 h2 37. Nxb7+ Ke6 38. Nc5+ Kf6 39. Rh6+ Kg5 40. Rh4 Re2 41. Ne6+ Kf5 42. Ng7+ Kg6 43. Ne6 h1=Q 44. Rxh1 Bxh1 45. Kd3 Rb2 46. Kc4 Bd5+ 47. Kc5 Bxe6 48. Kxc6 Rxb4 49. Kd6 Kf6 50. g4 Rb3 51. g5+ Kf5 52. g6 Rxe3 53. g7 Rd3+ 54. Ke7 Rd7+ 55. Kf8 Rf7+ 56. Kg8 Rf6+ 57. Kh8 Rg6 58. Kh7 Kf6 59. Kh8 Rh6# 0-1


[Site "https://www.chess.com"]

[Event "Titled Tuesday Blitz January 31 Late 2023"]
[White "Leiva, Gianmarco"]
[Black "QuiesPrecatio"]
[WhiteFideId "3804399"]
[WhiteElo "2392"]
[BlackElo "2426"]
[Result "1-0"]
[Round "03"]
[TimeControl "180+2"]
[Date "2023.01.31"]
[WhiteClock "0:00:20"]
[BlackClock "0:00:19"]

1. e4 c6 2. d4 d5 3. Nc3 dxe4 4. Nxe4 Bf5 5. Ng3 Bg6 6. h4 h6 7. Nh3 Nd7 8. Nf4 Bh7 9. Bc4 e5 10. dxe5 Qa5+ 11. c3 Qxe5+ 12. Qe2 Qxe2+ 13. Ngxe2 Ngf6 14. f3 Bc5 15. Bd3 O-O 16. Bxh7+ Kxh7 17. Nd3 Bd6 18. Bf4 Bxf4 19. Nexf4 Rfe8+ 20. Kf2 Rad8 21. Rhe1 g5 22. hxg5 hxg5 23. Nh3 Kg6 24. Rxe8 Rxe8 25. Ng1 Nh5 26. Ne2 Nb6 27. Nc5 Re7 28. Rd1 Nf6 29. b3 Nbd5 30. c4 Nb6 31. Rd6 Kg7 32. Ng3 Rc7 33. Nf5+ Kg6 34. g4 Nd7 35. Nxd7 Rxd7 36. Rxd7 Nxd7 37. Nd6 b6 38. Nc8 a5 39. Ne7+ Kf6 40. Nxc6 Ke6 41. Ke3 Kd6 42. Nd4 Nc5 43. Ne2 Ke5 44. Ng3 Na6 45. Ne4 Nb4 46. Nxg5 f6 47. f4+ Kd6 48. Ne4+ Ke6 49. Nc3 Nc6 50. Ke4 Ne7 51. Nd5 Nc8 52. f5+ Kf7 53. Kd4 Kg7 54. Ke3 Kh6 55. Kf4 Kg7 56. Kg3 Kf7 57. Kh4 Kg7 58. Kh5 Kf7 59. Kh6 Nd6 60. Nxb6 Ne4 61. Nd5 Nf2 62. g5 fxg5 63. Kxg5 Ne4+ 64. Kf4 Nd2 65. Nc3 Kf6 66. Ne4+ Nxe4 67. Kxe4 1-0


[Site "https://www.chess.com"]

[Event "Titled Tuesday Blitz January 31 Late 2023"]
[White "Danielyan, Vahe"]
[Black "Koellner, Ruben Gideon"]
[WhiteFideId "13304828"]
[BlackFideId "12993093"]
[WhiteElo "2346"]
[BlackElo "2426"]
[Result "1-0"]
[Round "03"]
[TimeControl "180+2"]
[Date "2023.01.31"]
[WhiteClock "0:00:26"]
[BlackClock "0:00:15"]

1. e4 d6 2. d4 Nf6 3. Nc3 e5 4. Nf3 Nbd7 5. Rg1 c6 6. g4 h6 7. g5 hxg5 8. Bxg5 exd4 9. Qxd4 Qb6 10. O-O-O Qxd4 11. Rxd4 Ne5 12. Nxe5 dxe5 13. Rd2 Rxh2 14. Bc4 Be6 15. Bxe6 fxe6 16. a3 Rd8 17. Rxd8+ Kxd8 18. Be3 b6 19. b4 Ke8 20. Kb2 Kf7 21. Kb3 Rh4 22. Rd1 Ke8 23. f3 Rh3 24. Rf1 Nh5 25. a4 Nf4 26. a5 bxa5 27. bxa5 a6 28. Kc4 g5 29. Nd1 Rh7 30. Nf2 Rb7 31. Bb6 Rd7 32. Ng4 Bg7 33. Kc5 Rd2 34. Kxc6 Rxc2+ 35. Kb7 Nd3 36. Kxa6 Ra2 37. Kb7 Rb2 38. Rd1 Nc5+ 39. Kc6 Na4 40. Rd8+ Ke7 41. Rd7+ Kf8 42. Bc7 Rc2+ 43. Kb5 Nc5 44. Bd6+ Ke8 45. Re7+ Kd8 46. Bxc5 Rxc5+ 47. Kxc5 Bf8 48. a6 Bxe7+ 49. Kc6 Kc8 50. a7 1-0


[Site "https://www.chess.com"]

[Event "Titled Tuesday Blitz January 31 Late 2023"]
[White "Shubenkova, Veronika"]
[Black "Klose, Eli"]
[WhiteFideId "44124040"]
[BlackFideId "16242955"]
[WhiteElo "1960"]
[BlackElo "1519"]
[Result "1-0"]
[Round "03"]
[TimeControl "180+2"]
[Date "2023.01.31"]
[WhiteClock "0:00:51"]
[BlackClock "0:00:07"]

1. e4 e6 2. d4 d5 3. exd5 exd5 4. Nf3 Nf6 5. c3 c5 6. Bd3 Nc6 7. O-O Be7 8. h3 O-O 9. Bf4 Be6 10. Nbd2 a5 11. dxc5 Bxc5 12. Nb3 Bb6 13. Nbd4 Re8 14. Qa4 Bd7 15. Qc2 Rc8 16. Nxc6 bxc6 17. Rad1 h6 18. c4 Be6 19. c5 Bc7 20. Be3 Rb8 21. Bd4 Nd7 22. Rfe1 Nf8 23. b3 Qd7 24. Ba1 f6 25. Nd4 Bxh3 26. gxh3 Qxh3 27. f3 Be5 28. Qg2 Qh5 29. Nxc6 Rbc8 30. Nd4 Rxc5 31. Nf5 g6 32. Bxe5 fxe5 33. Ng3 Qg5 34. Bb1 Re7 35. Nf1 Qf6 36. Ne3 Rd7 37. Ng4 Qf4 38. Nxe5 Re7 39. Nxg6 Nxg6 40. Qxg6+ Rg7 41. Re8+ Qf8 42. Rxf8+ Kxf8 43. Kf2 Rxg6 44. Bxg6 Kg7 45. Bd3 Kf6 46. Ke3 Ke5 47. f4+ Kf6 48. Kd4 Rc8 49. Rg1 a4 50. Rg6+ Kf7 51. Rxh6 axb3 52. axb3 Rb8 53. Kc3 Ke7 54. b4 Rf8 55. f5 Rb8 56. b5 Ra8 57. Kd4 Ra3 58. b6 Rb3 59. Re6+ Kf7 60. Rc6 Ke7 61. Ba6 Rb1 62. Bc8 Kd8 63. b7 Ke7 64. Kxd5 Kd8 65. f6 Rd1+ 66. Kc5 Rc1+ 67. Kb6 Rb1+ 68. Ka7 Ra1+ 69. Kb8 Rf1 70. Rd6+ Ke8 71. Bd7+ Kd8 72. Bc6# 1-0


[Site "https://www.chess.com"]

[Event "Titled Tuesday Blitz January 31 Late 2023"]
[White "Chan, Luis"]
[Black "Haszon, David"]
[WhiteFideId "3216357"]
[BlackFideId "733610"]
[WhiteElo "2208"]
[BlackElo "2264"]
[Result "1/2-1/2"]
[Round "03"]
[TimeControl "180+2"]
[Date "2023.01.31"]
[WhiteClock "0:00:11"]
[BlackClock "0:00:08"]

1. b3 e5 2. Bb2 d6 3. e3 Nc6 4. Bb5 Bd7 5. Nf3 a6 6. Bxc6 Bxc6 7. d4 f6 8. c4 Ne7 9. O-O Qc8 10. Nc3 Qg4 11. d5 Bd7 12. e4 h5 13. c5 h4 14. h3 Qh5 15. cxd6 cxd6 16. Na4 Ng6 17. Nb6 Rd8 18. Nxd7 Rxd7 19. Bc1 Be7 20. Be3 f5 21. exf5 Qxf5 22. Rc1 O-O 23. Rc4 Bd8 24. Rg4 Qh5 25. Nd2 Rdf7 26. Ne4 Be7 27. Qe2 Nf4 28. Bxf4 Rxf4 29. Rxg7+ Kxg7 30. Qxh5 Rxe4 31. Rc1 Ref4 32. Rc2 R8f7 33. Qe2 Bd8 34. Qe3 Rd4 35. Rd2 Rdf4 36. Kh2 Bg5 37. Qd3 Rxf2 38. Rxf2 Rxf2 39. Qc3 Bf4+ 40. Kg1 Bg3 41. Qc7+ Kg6 42. Qxd6+ Kh7 43. Qd7+ Kg6 44. Qe6+ Kh7 45. Qd7+ Kg6 46. Qe8+ Kh7 47. Qe7+ Kg6 48. Qe6+ Kh7 49. Qd7+ 1/2-1/2


[Site "https://www.chess.com"]

[Event "Titled Tuesday Blitz January 31 Late 2023"]
[White "Kovacs, Klara"]
[Black "Carnicelli, Valerio"]
[WhiteFideId "733210"]
[BlackFideId "856185"]
[WhiteElo "2121"]
[BlackElo "2370"]
[Result "1-0"]
[Round "03"]
[TimeControl "180+2"]
[Date "2023.01.31"]
[WhiteClock "0:00:10"]
[BlackClock "0:00:07"]

1. d4 Nf6 2. Nf3 c5 3. g3 cxd4 4. Nxd4 Nc6 5. c4 g6 6. Bg2 Bg7 7. Nc2 O-O 8. Nc3 d6 9. O-O Be6 10. Ne3 Rc8 11. Bd2 Nd7 12. Rc1 Nde5 13. b3 Ng4 14. Ned5 a6 15. h3 Nf6 16. e4 Nd7 17. Kh2 Nde5 18. Be3 f5 19. f4 Nd7 20. Re1 Nf6 21. Bb6 Qd7 22. Bg1 fxe4 23. Nb6 Qd8 24. Nxc8 Qxc8 25. Nxe4 Nh5 26. Ng5 Bd7 27. Bd5+ Kh8 28. Nf7+ Rxf7 29. Bxf7 Bxh3 30. Bd5 Nf6 31. Bf3 Bf5 32. Kh1 Bd7 33. c5 d5 34. Rc2 Bf5 35. Rh2 Ne4 36. Rg2 Bh3 37. Bxe4 dxe4 38. Rxe4 Bxg2+ 39. Kxg2 Qf5 40. Qf3 h5 41. Re2 Kh7 42. a3 Bf6 43. b4 Qb1 44. Qe4 Kh6 45. Qxb1 1-0


[Site "https://www.chess.com"]

[Event "Titled Tuesday Blitz January 31 Late 2023"]
[White "EREBUNI91"]
[Black "Forgacs, Attila Jr."]
[BlackFideId "773654"]
[WhiteElo "2685"]
[BlackElo "2264"]
[Result "1-0"]
[Round "03"]
[TimeControl "180+2"]
[Date "2023.01.31"]
[WhiteClock "0:01:19"]
[BlackClock "0:01:10"]

1. e4 e5 2. Nf3 Nc6 3. Nc3 Nf6 4. d4 exd4 5. Nxd4 Bb4 6. Nxc6 bxc6 7. Bd3 O-O 8. O-O d5 9. exd5 cxd5 10. Bg5 c6 11. Qf3 Bd6 12. h3 Rb8 13. b3 h6 14. Bf4 Be6 15. Rae1 Qc7 16. Bxh6 Bb4 17. Bf4 Qd7 18. Bxb8 Bxc3 19. Be5 Bxe1 20. Rxe1 Qd8 21. Bxf6 Qxf6 22. Qxf6 gxf6 23. f4 f5 24. Re5 Kg7 25. Bxf5 Bxf5 26. Rxf5 Re8 27. Re5 Rd8 28. Kf2 Kf6 29. g4 a5 30. a4 c5 31. g5+ Kg6 32. Kg3 c4 33. bxc4 dxc4 34. Rxa5 Rd2 35. c3 Rc2 36. Ra6+ Kg7 37. h4 Rxc3+ 38. Kg4 Rc1 39. h5 c3 40. h6+ Kh7 41. Rc6 c2 42. Kf5 Kg8 43. Rc8+ Kh7 44. Rc7 Kg8 45. a5 Ra1 46. Rc8+ Kh7 47. Rxc2 Rxa5+ 48. Kf6 Ra4 49. f5 Ra5 50. Rc7 Kh8 51. Rxf7 Ra6+ 52. Ke5 Ra5+ 53. Kf4 Ra4+ 54. Kg3 Ra3+ 55. Kg4 Kg8 56. Rb7 Ra8 57. Kh5 Rf8 58. Kg6 Kh8 59. f6 Rg8+ 60. Rg7 Rf8 61. Rh7+ Kg8 62. f7+ Rxf7 63. Rxf7 Kh8 64. Rf8# 1-0


[Site "https://www.chess.com"]

[Event "Titled Tuesday Blitz January 31 Late 2023"]
[White "Blit, Jacques"]
[Black "Saya, Ethan"]
[WhiteFideId "114839"]
[BlackFideId "26095181"]
[WhiteElo "2309"]
[BlackElo "2181"]
[Result "1-0"]
[Round "03"]
[TimeControl "180+2"]
[Date "2023.01.31"]
[WhiteClock "0:00:07"]
[BlackClock "0:00:26"]

1. e4 d5 2. exd5 Qxd5 3. Nc3 Qa5 4. d4 Nf6 5. Bc4 Nc6 6. h3 Bf5 7. Nf3 O-O-O 8. Bd2 Nxd4 9. Nxd4 Rxd4 10. Nb5 Re4+ 11. Kf1 Qb6 12. Be3 Rxe3 13. fxe3 Ne4 14. Qe1 Qg6 15. g4 Bxg4 16. hxg4 Qxg4 17. Be2 Ng3+ 18. Kf2 Ne4+ 19. Kf1 Ng3+ 20. Kf2 Nxh1+ 21. Qxh1 Qf5+ 22. Qf3 Qxf3+ 23. Bxf3 a6 24. Nc3 g6 25. Rd1 Bg7 26. Nd5 Re8 27. c3 e6 28. Nf4 h5 29. Nh3 Bh6 30. Nf4 c6 31. Nd3 Kc7 32. Ne5 Re7 33. Be4 Bg7 34. Nf3 f5 35. Bc2 Bf6 36. Rg1 Rg7 37. e4 Kd6 38. e5+ Bxe5 39. Rd1+ Ke7 40. Nxe5 Kf6 41. Nd7+ Kg5 42. Kf3 Kh6 43. Ne5 g5 44. Rd8 Re7 45. Rh8+ Kg7 46. Rxh5 Kf6 47. Nd3 g4+ 48. Kf4 e5+ 49. Nxe5 Rxe5 50. Rxf5+ Rxf5+ 51. Bxf5 g3 52. Bh3 a5 53. Bg2 a4 54. Kxg3 Ke5 55. a3 Kd6 56. Kf3 b5 57. Ke3 Kc5 58. Kd3 Kd6 59. Kd4 c5+ 60. Kd3 Ke5 61. Bc6 b4 62. cxb4 cxb4 63. axb4 Kd6 64. Bxa4 Kc7 65. Kc4 Kb6 66. Bc2 Kc7 67. Be4 Kb6 68. b5 Kc7 69. Kc5 Kb8 70. b6 Kc8 71. Kc6 Kb8 72. b7 Ka7 73. Kc7 Ka6 74. b8=Q Ka5 75. Bd3 Ka4 76. Kc6 Ka5 77. Qb5# 1-0


[Site "https://www.chess.com"]

[Event "Titled Tuesday Blitz January 31 Late 2023"]
[White "Bas Mas, Jose Joaquin"]
[Black "Fiorito, Joaquin"]
[WhiteFideId "22219064"]
[BlackFideId "180173"]
[WhiteElo "2197"]
[BlackElo "2405"]
[Result "1-0"]
[Round "03"]
[TimeControl "180+2"]
[Date "2023.01.31"]
[WhiteClock "0:00:07"]
[BlackClock "0:01:01"]

1. e4 c6 2. d4 d5 3. f3 e6 4. Nc3 Bb4 5. a3 Bxc3+ 6. bxc3 dxe4 7. Nh3 exf3 8. Qxf3 Nf6 9. Bd3 Nbd7 10. O-O h6 11. Bd2 Qc7 12. Rae1 g5 13. Nf2 Rf8 14. c4 b6 15. Bb4 c5 16. Qxa8 cxb4 17. axb4 Ke7 18. Qf3 Bb7 19. Qg3 Qc8 20. d5 a5 21. Ne4 Nxe4 22. Rxe4 axb4 23. h4 Nc5 24. Ree1 Rg8 25. Qf3 f5 26. Qxf5 gxh4 27. Qh7+ Kd6 28. Rf6 h3 29. Qxh6 Rxg2+ 30. Kh1 Nxd3 31. cxd3 Kc5 32. Qe3+ Kd6 33. Rxe6+ Kc7 34. Qe5+ Kd7 35. Qd6# 1-0


[Site "https://www.chess.com"]

[Event "Titled Tuesday Blitz January 31 Late 2023"]
[White "Dzierzak, Radoslaw"]
[Black "Rosen, Eric"]
[WhiteFideId "1161407"]
[BlackFideId "2032562"]
[WhiteElo "2220"]
[BlackElo "2349"]
[Result "0-1"]
[Round "03"]
[TimeControl "180+2"]
[Date "2023.01.31"]
[WhiteClock "0:00:05"]
[BlackClock "0:00:24"]

1. e4 c5 2. Nf3 e6 3. d4 cxd4 4. Nxd4 Nc6 5. Nc3 Qc7 6. g3 a6 7. Bg2 d6 8. O-O Bd7 9. Nb3 Be7 10. a4 Nf6 11. Be3 O-O 12. a5 Ne5 13. Bb6 Qb8 14. Qd4 Rc8 15. Nd2 Bc6 16. Rfd1 Ned7 17. Nc4 Ne8 18. Qd3 Ne5 19. Nxe5 dxe5 20. Na4 Bb5 21. Qe3 Bxa4 22. Rxa4 Rxc2 23. Qd3 Qc8 24. Qd7 Rc1 25. Bf1 Rxd1 26. Qxd1 Qc6 27. Rc4 Qd6 28. Qc2 Qd7 29. h4 h5 30. Be2 g6 31. b3 Bd8 32. Qc3 f6 33. Qb4 Kf7 34. Bc5 Rc8 35. Be3 Be7 36. Qb6 Rd8 37. Rc7 Qxc7 0-1


[Site "https://www.chess.com"]

[Event "Titled Tuesday Blitz January 31 Late 2023"]
[White "Risteski, Emil"]
[Black "Necromon"]
[WhiteFideId "15005267"]
[WhiteElo "2366"]
[BlackElo "2420"]
[Result "1-0"]
[Round "03"]
[TimeControl "180+2"]
[Date "2023.01.31"]
[WhiteClock "0:00:37"]
[BlackClock "0:00:17"]

1. Nf3 Nf6 2. b3 g6 3. Bb2 Bg7 4. g3 O-O 5. Bg2 d5 6. O-O Bg4 7. c4 c6 8. d3 Nbd7 9. Ne5 Be6 10. Nxd7 Qxd7 11. Nd2 Bh3 12. Nf3 Bxg2 13. Kxg2 b5 14. cxb5 cxb5 15. Rc1 Rfc8 16. Qd2 e6 17. Rxc8+ Rxc8 18. Rc1 Ne8 19. Bxg7 Kxg7 20. Rxc8 Qxc8 21. Qa5 Qc5 22. a4 Nd6 23. h4 Qb6 24. Qxb6 axb6 25. Nd4 bxa4 26. bxa4 e5 27. Nc6 f6 28. Nb4 d4 29. Nd5 Nc8 30. e4 dxe3 31. fxe3 Kf7 32. Kf3 Ke6 33. e4 f5 34. Ne3 Nd6 35. Nd5 Nc8 36. Ke3 Kd6 37. Nf6 Kc5 38. Nxh7 Kb4 39. Nf8 Ne7 40. exf5 gxf5 41. h5 Kxa4 42. Nd7 b5 43. Nxe5 b4 44. h6 Nd5+ 45. Kd4 Nf6 46. Nd7 Nh7 47. Nc5+ Ka3 48. Kc4 Ng5 49. d4 Ne4 50. Nxe4 fxe4 51. h7 b3 52. h8=Q 1-0


[Site "https://www.chess.com"]

[Event "Titled Tuesday Blitz January 31 Late 2023"]
[White "Hasanagic, Anel"]
[Black "Urbina Perez, Juan Antonio"]
[WhiteFideId "14605791"]
[BlackFideId "2217368"]
[WhiteElo "2243"]
[BlackElo "2266"]
[Result "1/2-1/2"]
[Round "03"]
[TimeControl "180+2"]
[Date "2023.01.31"]
[WhiteClock "0:00:24"]
[BlackClock "0:00:09"]

1. e4 e5 2. Nf3 Nc6 3. Bb5 a6 4. Bxc6 dxc6 5. d3 Bg4 6. h3 Bxf3 7. Qxf3 Bd6 8. Qg3 Qf6 9. Nd2 Qg6 10. Qxg6 hxg6 11. Nc4 O-O-O 12. f4 exf4 13. Nxd6+ cxd6 14. Bxf4 Kd7 15. Kd2 f6 16. a4 g5 17. Bg3 Ne7 18. b4 b5 19. axb5 axb5 20. Ra7+ Ke6 21. Rha1 Rd7 22. c4 Rxa7 23. Rxa7 bxc4 24. dxc4 Rb8 25. Kc3 g6 26. c5 Nc8 27. Rc7 Ra8 28. cxd6 Nxd6 29. Kb3 Nxe4 30. Rxc6+ Kd5 31. b5 Nxg3 32. Rxf6 Ne4 33. Rxg6 Ra1 34. g3 Rb1+ 35. Kc2 Rxb5 36. h4 gxh4 37. gxh4 Kd4 38. Rh6 Rc5+ 39. Kb3 Nd2+ 40. Kb4 Rc4+ 41. Kb5 Rc5+ 42. Kb6 Nc4+ 43. Kb7 Ke4 44. Rh8 Nd6+ 45. Kb6 Rc1 46. h5 Rh1 47. h6 Nf7 48. Re8+ Kf5 49. Re7 Rxh6+ 50. Kc5 Ne5 51. Re8 Nd7+ 52. Kc4 Rh4+ 53. Kd3 Ne5+ 54. Ke3 Re4+ 55. Kf2 Ra4 56. Rf8+ Ke4 57. Re8 Ra2+ 58. Kg3 Ra3+ 59. Kf2 Rf3+ 60. Ke2 Rf5 61. Kd2 Rf6 62. Ke2 Rd6 63. Kf2 Kf4 64. Rf8+ Ke4 65. Re8 Rd7 66. Ke2 Kd4 67. Kf2 Rf7+ 68. Ke2 Nc6 69. Kd2 Rf2+ 70. Ke1 Rh2 71. Re2 Rh1+ 72. Kf2 Ne5 73. Kg2 Ra1 74. Rf2 Nd3 75. Rf8 Ra2+ 76. Kg3 Ke4 77. Re8+ Ne5 78. Re7 Ra3+ 79. Kg2 Kf4 80. Re8 Ra2+ 81. Kf1 Kf3 82. Rf8+ Ke3 83. Re8 Ke4 84. Ke1 Kd5 85. Rd8+ Kc4 86. Kf1 Nd3 87. Rc8+ Kd4 88. Rd8+ Ke3 89. Re8+ Kf3 90. Rf8+ Nf4 91. Ke1 Ke4 92. Re8+ Kd4 93. Rd8+ Nd5 94. Kf1 Ke4 95. Re8+ Kf3 96. Rf8+ Nf4 97. Ke1 Ke4 98. Re8+ Kd4 99. Rd8+ Ke3 1/2-1/2


[Site "https://www.chess.com"]

[Event "Titled Tuesday Blitz January 31 Late 2023"]
[White "Lymar, Vladislav"]
[Black "Guzman, Christopher"]
[WhiteFideId "14162180"]
[BlackFideId "6405096"]
[WhiteElo "2119"]
[BlackElo "2271"]
[Result "1-0"]
[Round "03"]
[TimeControl "180+2"]
[Date "2023.01.31"]
[WhiteClock "0:00:38"]
[BlackClock "0:00:45"]

1. e4 c6 2. d4 d5 3. e5 Bf5 4. h4 h5 5. Bd3 Bxd3 6. Qxd3 Qa5+ 7. Nd2 e6 8. Nf3 Nh6 9. O-O Nf5 10. c4 Qa6 11. b3 Nd7 12. a4 Be7 13. Rd1 Nxh4 14. Nxh4 Bxh4 15. Nf3 Be7 16. Bg5 Nb6 17. Bxe7 Kxe7 18. a5 Nd7 19. Ng5 Raf8 20. Qc3 b6 21. Qb4+ c5 22. Qc3 dxc4 23. bxc4 Rc8 24. axb6 Qxb6 25. d5 Qb4 26. Qf3 Nxe5 27. Rxa7+ Ke8 28. Qf4 Qb8 29. Rxf7 Nd7 30. Re7+ Kxe7 31. Qf7+ Kd6 32. dxe6+ Kc6 33. Qxd7+ Kb6 34. Rb1+ Ka6 35. Qa4# 1-0


[Site "https://www.chess.com"]

[Event "Titled Tuesday Blitz January 31 Late 2023"]
[White "Battlecruiser_Operational"]
[Black "Kourkoulos-Arditis, Stamatis"]
[BlackFideId "4221990"]
[WhiteElo "2419"]
[BlackElo "2539"]
[Result "1-0"]
[Round "03"]
[TimeControl "180+2"]
[Date "2023.01.31"]
[WhiteClock "0:00:17"]
[BlackClock "0:00:05"]

1. d4 Nf6 2. c4 c5 3. d5 e6 4. Nc3 exd5 5. cxd5 d6 6. Nf3 g6 7. Nd2 Bg7 8. Nc4 O-O 9. Bf4 Ne8 10. e3 b6 11. Be2 Ba6 12. a4 Bxc4 13. Bxc4 a6 14. Qe2 Nc7 15. O-O Qe7 16. Rfc1 Nd7 17. Rab1 f5 18. b4 g5 19. Bg3 Bxc3 20. Rxc3 b5 21. bxc5 Nxc5 22. axb5 axb5 23. Bxb5 Nxb5 24. Qxb5 f4 25. exf4 gxf4 26. h3 fxg3 27. Rxg3+ Kh8 28. Qb2+ Qf6 29. Qe2 Rae8 30. Re3 1-0


[Site "https://www.chess.com"]

[Event "Titled Tuesday Blitz January 31 Late 2023"]
[White "Villarreal, Agustin"]
[Black "Blomqvist, Erik"]
[WhiteFideId "125687"]
[BlackFideId "1709437"]
[WhiteElo "2299"]
[BlackElo "2523"]
[Result "1/2-1/2"]
[Round "03"]
[TimeControl "180+2"]
[Date "2023.01.31"]
[WhiteClock "0:01:41"]
[BlackClock "0:02:23"]

1. d4 d5 2. Nf3 Nf6 3. c4 dxc4 4. Nc3 a6 5. e4 b5 6. e5 Nd5 7. a4 e6 8. axb5 Bb4 9. Qc2 Nb6 10. Qe4 Qd5 11. Qg4 axb5 12. Rxa8 Qxa8 13. Qxg7 Bxc3+ 14. bxc3 Qa1 15. Qxh8+ Kd7 16. Kd1 Qa4+ 17. Ke1 Qa1 18. Kd1 Qa4+ 19. Ke1 Qa1 20. Kd1 1/2-1/2


[Site "https://www.chess.com"]

[Event "Titled Tuesday Blitz January 31 Late 2023"]
[White "Aggelis, Nikolaos"]
[Black "Bon, Michael"]
[WhiteFideId "4213220"]
[BlackFideId "620696"]
[WhiteElo "2270"]
[BlackElo "2394"]
[Result "1/2-1/2"]
[Round "03"]
[TimeControl "180+2"]
[Date "2023.01.31"]
[WhiteClock "0:00:09"]
[BlackClock "0:00:15"]

1. d4 d5 2. g3 Nc6 3. Bg2 Bf5 4. Nf3 e6 5. O-O Nb4 6. Na3 Be7 7. c4 c6 8. Qb3 Nf6 9. Nh4 Be4 10. f3 Bg6 11. Nxg6 hxg6 12. Be3 a5 13. Bf2 g5 14. Nc2 g4 15. a3 Nxc2 16. Qxc2 gxf3 17. Bxf3 Bd6 18. c5 Bc7 19. b4 Qe7 20. Rab1 e5 21. e3 e4 22. Be2 Qe6 23. Be1 axb4 24. axb4 Ra3 25. Rb3 Ra1 26. Rb1 Rxb1 27. Qxb1 Qh3 28. Rf2 Bxg3 29. Rg2 Bxh2+ 30. Kf1 Qxe3 31. Bf2 Qf4 32. Qa1 Kd7 33. Qa7 Kc7 34. b5 e3 35. b6+ Kc8 36. Qa8+ Qb8 37. Qxb8+ Bxb8 38. Bxe3 g6 39. Bg5 Ne4 40. Bg4+ f5 41. Bf3 Nxg5 42. Rxg5 Rh6 43. Kg2 Kd7 44. Kf2 Bf4 45. Rg1 g5 46. Ra1 g4 47. Bg2 Bb8 48. Ra8 Kc8 49. Ra1 f4 50. Re1 Kd7 51. Ra1 f3 52. Bf1 Rh2+ 53. Ke3 Ke6 54. Ra8 Bg3 55. Rg8 Rh4 56. Bd3 Bh2 57. Re8+ Kf7 58. Rb8 Bg1+ 59. Kf4 Bxd4 60. Rxb7+ Ke6 61. Kg3 Rh8 62. Kxg4 f2 63. Rc7 Bxc5 64. Rxc6+ Bd6 65. b7 Rf8 66. Rc8 f1=Q 67. Bxf1 Rxf1 68. b8=Q Bxb8 69. Rxb8 d4 70. Kg3 Ke5 71. Kg2 Rf5 72. Rb5+ Ke4 73. Rxf5 Kxf5 74. Kf3 Ke5 75. Ke2 Ke4 76. Kd2 d3 77. Kd1 Kd4 78. Kd2 Kc4 79. Kd1 Kc3 80. Kc1 d2+ 81. Kd1 Kd3 1/2-1/2


[Site "https://www.chess.com"]